 Dungeon Crawl Stone Soup version 0.26-a0-690-gcb57259078 (webtiles) character file.

Game seed: 5232920068518126481

17075 robertstho the Destroyer (level 12, -2/91 HPs)
             Began as a Gnoll Conjurer on Oct 23, 2020.
             Was an Elder of Sif Muna.
             Slain by an enormous slime creature (55 damage)
             ... on level 12 of the Dungeon.
             The game lasted 00:40:49 (15975 turns).

robertstho the Destroyer (Gnoll Conjurer)          Turns: 15975, Time: 00:40:50

Health: -2/91      AC: 11    Str: 10    XL:     12   Next: 44%
Magic:  17/33      EV: 17    Int: 32    God:    Sif Muna [****..]
Gold:   225        SH:  0    Dex: 14    Spells: 14/28 levels left

rFire    + + +     SeeInvis .   Z - +0 glaive (curse)
rCold    x . .     Faith    .   (shield currently unavailable)
rNeg     . . .     Spirit   .   W - +0 troll leather armour
rPois    +         Reflect  .   (no helmet)
rElec    .         Harm     .   D - +2 cloak
rCorr    .         Rampage  .   T - +0 pair of gloves {archery}
MR       .....                  u - +0 pair of boots
Stlth    ++++......             B - amulet of magic regeneration
HPRegen  0.65/turn              Y - ring of magical power
MPRegen  0.48/turn              O - ring "Gedyette" {Wiz rPois rF+++ rC- Int+7}

@: no status effects
A: distributed training, fangs 1, strong nose
a: Channel Magic, Forget Spell, Divine Exegesis, Renounce Religion


You were on level 12 of the Dungeon.
You worshipped Sif Muna.
Sif Muna was greatly pleased with you.
You visited 2 branches of the dungeon, and saw 13 of its levels.
You also visited: Gauntlet.

You collected 829 gold pieces.
You spent 604 gold pieces at shops.

Inventory:

Hand Weapons
 r - a +2 vampiric halberd
 E - a +2 quarterstaff of chaos
 Z - a cursed +0 glaive (weapon)
Missiles
 x - 5 silver javelins (quivered)
Armour
 u - a +0 pair of boots (worn)
 D - a +2 cloak (worn)
 T - a +0 pair of gloves of archery (worn)
 W - a +0 troll leather armour (worn)
Magical Staves
 K - an uncursed staff of air
Jewellery
 h - an uncursed amulet of reflection
 m - a +6 ring of intelligence
 o - a +4 ring of protection
 B - an amulet of magic regeneration (around neck)
 O - the ring "Gedyette" (right hand) {Wiz rPois rF+++ rC- Int+7}
   (You found it in a Gauntlet)

   [ring of wizardry]

   It improves your spell success rate.
   It affects your intelligence (+7).
   It renders you almost immune to fire.
   It makes you vulnerable to cold.
   It protects you from poison.
 X - an uncursed ring of flight
 Y - a ring of magical power (left hand)
Wands
 F - a wand of iceblast (11)
 I - a wand of acid (3)
Scrolls
 a - a scroll of silence {unknown}
 f - 13 scrolls of remove curse
 g - a scroll of acquirement {unknown}
 i - 3 scrolls of magic mapping
 j - 9 scrolls of teleportation
 k - a scroll of torment {unknown}
 q - 5 scrolls of random uselessness {unknown}
 s - 3 scrolls of enchant weapon {unknown}
 t - 4 scrolls of enchant armour {unknown}
 w - 2 scrolls of immolation
 y - a scroll of blinking {unknown}
 H - 2 scrolls of noise {unknown}
 L - 3 scrolls of fog
 M - 3 scrolls of fear
 R - a scroll of summoning
Potions
 b - 4 potions of haste
 e - 7 potions of curing
 n - a potion of heal wounds
 p - 6 potions of flight
 v - a potion of magic
 z - 3 potions of stabbing
 A - 2 potions of invisibility
 G - 2 potions of mutation
 Q - 2 potions of brilliance
Miscellaneous
 P - a lightning rod (4/4)


   Skills:
 + Level 7.3 Fighting
 + Level 7.3 Short Blades
 + Level 7.3 Long Blades
 + Level 7.3 Axes
 + Level 7.3 Maces & Flails
 + Level 7.3 Polearms
 + Level 7.7 Staves
 + Level 7.3 Slings
 + Level 7.3 Bows
 + Level 7.3 Crossbows
 + Level 7.3 Throwing
 + Level 7.3 Armour
 + Level 8.7 Dodging
 + Level 8.5 Stealth
 + Level 7.3 Shields
 + Level 7.3 Unarmed Combat
 + Level 8.9 Spellcasting
 + Level 9.4 Conjurations
 + Level 6.0 Hexes
 + Level 6.0 Summonings
 + Level 6.0 Necromancy
 + Level 6.0 Translocations
 + Level 6.0 Transmutations
 + Level 6.0 Fire Magic
 + Level 6.0 Ice Magic
 + Level 6.0 Air Magic
 + Level 6.0 Earth Magic
 + Level 6.0 Poison Magic
 + Level 8.0 Invocations
 + Level 7.3 Evocations


You had 14 spell levels left.
You knew the following spells:

 Your Spells              Type           Power        Failure   Level
a - Magic Dart            Conj           ####         1%          1
b - Searing Ray           Conj           ######       1%          2
c - Dazzling Flash        Conj/Hex       ######       1%          3
d - Fulminant Prism       Conj/Hex       ######....   1%          4
e - Iskenderun's Mystic   Conj/Tloc      ######..     1%          4

Your spell library contained the following spells:

 Spells                   Type           Power        Failure   Level
 Foxfire                  Conj/Fire      ####         1%          1
 Conjure Flame            Conj/Fire      ######..     1%          3
 Gell's Gravitas          Tloc           ######....   1%          3
 Inner Flame              Hex/Fire       ######..     1%          3
 Lesser Beckoning         Tloc           ######....   1%          3
 Portal Projectile        Hex/Tloc       ######       1%          3
 Stone Arrow              Conj/Erth      ######       1%          3
 Teleport Other           Tloc           ######..     1%          3
 Dispel Undead            Necr           ######..     1%          4
 Ice Form                 Ice/Tmut       ######..     1%          4
 Sticky Flame             Conj/Fire      ######..     1%          4
 Fireball                 Conj/Fire      ######....   1%          5
 Agony                    Necr           ######..     4%          5
 Blade Hands              Tmut           ######....   4%          5
 Metabolic Englaciation   Hex/Ice        ######....   4%          5
 Iron Shot                Conj/Erth      ######....   11%         6
 Freezing Cloud           Conj/Ice/Air   ######....   14%         6
 Hydra Form               Tmut           ######....   22%         6
 Ozocubu's Refrigeration  Ice            ######....   22%         6
 Simulacrum               Ice/Necr       ######....   22%         6
 Disjunction              Tloc           ######....   100%        8
 Ignition                 Fire           ######....   100%        8


Dungeon Overview and Level Annotations

Branches:
Dungeon (12/15)            Temple (1/1) D:5            Lair (0/6) D:8
    Orc (0/2) D:12        Gauntlet (visited)

Altars:
Ashenzari
Cheibriados
Dithmenos
Elyvilon
Fedhas
Gozag
Hepliaklqana
Kikubaaqudgha
Makhleb
Nemelex Xobeh
Okawaru
Qazlal
Ru
Sif Muna
Trog
Uskayaw
Vehumet
Wu Jian
Xom
Yredelemnul
Zin
The Shining One

Shops:
D:9 ?   D:11 !

Annotations:
D:8 2 transporters, Racklesnatz's ghost, novice MiBe


Innate Abilities, Weirdness & Mutations

Your experience applies equally to all skills.
You have very sharp teeth.
Your uncanny sense of smell can sniff out nearby items.


Message History

Confirm with . or Enter, or press ? or * to list all spells.
You erupt in a blast of force!
The mystic blast hits the enormous slime creature!
The enormous slime creature is almost dead.
The enormous slime creature is knocked back by the mystic blast.
Casting: Iskenderun's Mystic Blast (mildly dangerous; 1% risk of failure)
Confirm with . or Enter, or press ? or * to list all spells.
Aiming: Searing Ray (safe; 1% risk of failure)
Press: ? - help, Shift-Dir - straight line, f/p - enormous slime creature
Aim: an enormous slime creature (almost dead)
The searing ray hits the enormous slime creature!
The enormous slime creature is almost dead. (Press . to maintain the ray.)
The searing ray hits the enormous slime creature!
The enormous slime creature is almost dead.
The searing ray hits the enormous slime creature!
The enormous slime creature is almost dead.
You feel less invigorated. The enormous slime creature hits you!!!
Ouch! That really hurt!
You die...

#.#####.#,*****,*,*****
#.#,,,*.#,*,,,*,*,*,,,*
#.#,*,,.#,*,*,,,*,*,*,,
#J#,***##,*,*****,*,*##
#.#,,,,,,,*,,,,,,,*,,..
#.#************########
#.# ###,* #.......
#.######.#,* #.......
#....J@..#.#####.......
###.####)#.....#.######
#.# ##.#####'#'## #.#
#..).))/....# #.#
#...........# #.#
#....)......#**** #.#
#.........>.+,,,, #.#
##..........#**## #.#
###........#*,..


You could see an enormous slime creature.

Vanquished Creatures
  A minotaur (Gauntlet)
  A great orb of eyes (Gauntlet)
  Harold (D:7)
  A centaur warrior (D:12)
  A two-headed ogre (D:9)
  A tengu warrior (Gauntlet)
  2 deep elf magi (D:12)
  3 ugly things
  Maurice (D:9)
  An apocalypse crab (Gauntlet)
  A centaur skeleton (D:10)
  A kobold demonologist (D:11)
  A freezing wraith (D:12)
  A tengu conjurer (Gauntlet)
  3 trolls (D:12)
  Prince Ribbit (D:5)
  Sigmund (D:6)
  A vampire (D:9)
  11 yaks
  A wyvern (D:8)
  2 basilisks (D:8)
  A steam dragon (D:12)
  A soldier ant (D:12)
  An acid dragon (D:11)
  3 orc warriors
  A necrophage (D:7)
  An ice beast (D:8)
  3 phantoms
  2 sky beasts
  2 black bears
  10 ogres
  3 centaurs
  2 big kobolds (D:9)
  7 bullfrogs
  3 killer bees (D:11)
  10 wights
  7 howler monkeys
  4 centaur zombies
  A bullfrog skeleton (D:4)
  2 bullfrog zombies
  A quasit (D:9)
  Crazy Yiuf (D:7)
  5 hounds
  11 orc priests
  4 iguanas
  Terence (D:2)
  13 orc wizards
  6 worker ants
  2 hound zombies (D:8)
  A hound skeleton (D:8)
  3 worker ant zombies
  A howler monkey zombie (D:7)
  10 gnolls
  2 howler monkey skeletons
  15 adders
  A shadow imp (D:5)
  5 white imps
  2 ufetubi
  4 oozes
  6 adder zombies
  2 adder skeletons
  3 worms
  3 dart slugs
  3 leopard geckos
  56 orcs
  2 ball pythons (D:2)
  4 bats
  4 giant cockroaches
  4 goblins
  3 hobgoblins
  7 jackals
  7 quokkas
  6 frilled lizards
  A jackal skeleton (D:6)
  A jackal zombie (D:8)
  15 kobolds
  6 rats
322 creatures vanquished.

Vanquished Creatures (others)
  213 fulminant prisms
  4 fungi (Gauntlet)
  24 plants
  5 toadstools (D:12)
246 creatures vanquished.

Grand Total: 568 creatures vanquished

Notes
Turn   | Place    | Note
-------+----------+-------------------------------------------
     0 | D:1      | robertstho the Gnoll Conjurer began the quest for the Orb.
     0 | D:1      | Reached XP level 1. HP: 13/13 MP: 6/6
     1 | D:1      | You fall into a shaft and drop 1 floor!
     2 | D:2      | Noticed Terence
    97 | D:2      | Reached XP level 2. HP: 20/20 MP: 4/7
   730 | D:1      | Reached XP level 3. HP: 25/25 MP: 7/9
   894 | D:1      | Reached skill level 5 in Spellcasting
   960 | D:1      | Learned a level 2 spell: Searing Ray
   964 | D:1      | Learned a level 3 spell: Dazzling Flash
  1025 | D:2      | Reached skill level 1 in Invocations
  1200 | D:2      | Killed Terence
  1200 | D:2      | Reached skill level 1 in Fighting
  1200 | D:2      | Reached skill level 1 in Short Blades
  1200 | D:2      | Reached skill level 1 in Long Blades
  1200 | D:2      | Reached skill level 1 in Axes
  1200 | D:2      | Reached skill level 1 in Maces & Flails
  1200 | D:2      | Reached skill level 1 in Polearms
  1200 | D:2      | Reached skill level 1 in Staves
  1200 | D:2      | Reached skill level 1 in Slings
  1200 | D:2      | Reached skill level 1 in Bows
  1200 | D:2      | Reached skill level 1 in Crossbows
  1200 | D:2      | Reached skill level 1 in Throwing
  1200 | D:2      | Reached skill level 1 in Armour
  1200 | D:2      | Reached skill level 1 in Shields
  1200 | D:2      | Reached skill level 1 in Unarmed Combat
  1200 | D:2      | Reached skill level 1 in Evocations
  1200 | D:2      | Reached XP level 4. HP: 32/32 MP: 7/11
  1372 | D:2      | Reached skill level 1 in Hexes
  1372 | D:2      | Reached skill level 1 in Summonings
  1372 | D:2      | Reached skill level 1 in Necromancy
  1372 | D:2      | Reached skill level 1 in Translocations
  1372 | D:2      | Reached skill level 1 in Transmutations
  1372 | D:2      | Reached skill level 1 in Fire Magic
  1372 | D:2      | Reached skill level 1 in Ice Magic
  1372 | D:2      | Reached skill level 1 in Air Magic
  1372 | D:2      | Reached skill level 1 in Earth Magic
  1372 | D:2      | Reached skill level 1 in Poison Magic
  1823 | D:3      | Reached XP level 5. HP: 37/37 MP: 9/12
  1982 | D:3      | Found an iron altar of Okawaru.
  2374 | D:3      | Found a glowing golden altar of the Shining One.
  2691 | D:4      | Reached XP level 6. HP: 44/44 MP: 10/13
  2807 | D:4      | Reached skill level 5 in Dodging
  3323 | D:4      | Reached XP level 7. HP: 50/50 MP: 12/15
  3764 | D:4      | Learned a level 4 spell: Fulminant Prism
  3769 | D:4      | Learned a level 4 spell: Iskenderun's Mystic Blast
  3793 | D:5      | Entered Level 5 of the Dungeon
  4082 | D:5      | Found a staircase to the Ecumenical Temple.
  4212 | Temple   | Entered the Ecumenical Temple
  4307 | Temple   | Became a worshipper of Sif Muna the Loreminder
  4662 | D:5      | Reached skill level 5 in Stealth
  5428 | D:6      | Noticed Prince Ribbit
  5489 | D:5      | Killed Prince Ribbit
  5489 | D:5      | Reached XP level 8. HP: 32/58 MP: 0/16
  5906 | D:6      | Noticed Sigmund
  5913 | D:6      | Killed Sigmund
  6126 | D:6      | Reached * piety under Sif Muna
  6170 | D:6      | Reached XP level 9. HP: 43/65 MP: 4/18
  6545 | D:6      | Found a bloodstained altar of Trog.
  6613 | D:7      | Noticed Harold
  7250 | D:7      | Reached skill level 8 in Conjurations
  7768 | D:7      | Reached ** piety under Sif Muna
  7874 | D:7      | Killed Harold
  7874 | D:7      | Reached skill level 5 in Invocations
  7968 | D:7      | Found a stormy altar of Qazlal.
  8072 | D:7      | Found a runed translucent door.
  8073 | D:7      | Noticed Crazy Yiuf
  8229 | D:7      | Killed Crazy Yiuf
  8296 | D:8      | Found an opulent altar of Gozag.
  8310 | D:8      | Reached XP level 10. HP: 73/73 MP: 7/20
  8739 | D:8      | Reached skill level 5 in Fighting
  8739 | D:8      | Reached skill level 5 in Short Blades
  8739 | D:8      | Reached skill level 5 in Long Blades
  8739 | D:8      | Reached skill level 5 in Axes
  8739 | D:8      | Reached skill level 5 in Maces & Flails
  8739 | D:8      | Reached skill level 5 in Polearms
  8739 | D:8      | Reached skill level 5 in Staves
  8739 | D:8      | Reached skill level 5 in Slings
  8739 | D:8      | Reached skill level 5 in Bows
  8739 | D:8      | Reached skill level 5 in Crossbows
  8739 | D:8      | Reached skill level 5 in Throwing
  8739 | D:8      | Reached skill level 5 in Armour
  8739 | D:8      | Reached skill level 5 in Shields
  8739 | D:8      | Reached skill level 5 in Unarmed Combat
  8739 | D:8      | Reached skill level 5 in Evocations
  9632 | D:8      | Found a staircase to the Lair.
  9669 | D:8      | Found a transporter.
  9670 | D:8      | Noticed Racklesnatz's ghost (novice MiBe)
  9671 | D:8      | Found a transporter.
  9673 | D:8      | Identified the +4 great mace of Autumn {protect, +Fly
                  | Int+4}
  9673 | D:8      | Identified the +9 dire flail of Henug {flame, rC+}
  9673 | D:8      | Noticed a two-headed ogre
  9740 | D:8      | Found a sacrificial altar of Ru.
 10159 | D:9      | Noticed Maurice
 10173 | D:9      | Killed Maurice
 10939 | D:9      | Noticed a two-headed ogre
 10950 | D:9      | Killed a two-headed ogre
 11127 | D:9      | Found Buqiac's Magic Scroll Shop.
 11130 | D:9      | Bought a scroll of identify for 22 gold pieces
 11130 | D:9      | Bought a scroll of remove curse for 33 gold pieces
 11130 | D:9      | Bought a scroll of magic mapping for 38 gold pieces
 11130 | D:9      | Bought a scroll of identify for 22 gold pieces
 11130 | D:9      | Bought a scroll of amnesia for 38 gold pieces
 11130 | D:9      | Bought a scroll of teleportation for 33 gold pieces
 11130 | D:9      | Bought a scroll of fog for 22 gold pieces
 11130 | D:9      | Bought a scroll of vulnerability for 82 gold pieces
 11130 | D:9      | Bought a scroll of identify for 22 gold pieces
 11130 | D:9      | Bought 3 scrolls of fear for 115 gold pieces
 11130 | D:9      | Bought a scroll of immolation for 38 gold pieces
 11130 | D:9      | Bought a scroll of identify for 22 gold pieces
 11217 | D:9      | Reached XP level 11. HP: 81/81 MP: 18/22
 11492 | D:9      | Reached *** piety under Sif Muna
 11599 | D:10     | Entered Level 10 of the Dungeon
 11935 | D:10     | Paralysed by an orc for 4 turns
 12172 | D:10     | Reached skill level 5 in Hexes
 12172 | D:10     | Reached skill level 5 in Summonings
 12172 | D:10     | Reached skill level 5 in Necromancy
 12172 | D:10     | Reached skill level 5 in Translocations
 12172 | D:10     | Reached skill level 5 in Transmutations
 12172 | D:10     | Reached skill level 5 in Fire Magic
 12172 | D:10     | Reached skill level 5 in Ice Magic
 12172 | D:10     | Reached skill level 5 in Air Magic
 12172 | D:10     | Reached skill level 5 in Earth Magic
 12172 | D:10     | Reached skill level 5 in Poison Magic
 12435 | D:11     | Noticed a sun demon
 12564 | D:11     | Found Iheotz's Distillery.
 12895 | D:11     | Bought a potion of brilliance for 52 gold pieces
 12895 | D:11     | Bought a potion of heal wounds for 65 gold pieces
 13753 | D:12     | Reached skill level 9 in Conjurations
 13781 | D:12     | Found a staircase to the Orcish Mines.
 13811 | D:12     | Found a gate leading to a gauntlet.
 13819 | Gauntlet | Entered a Gauntlet
 13819 | Gauntlet | Found a transporter.
 13819 | Gauntlet | Found a transporter.
 13824 | Gauntlet | Found a transporter.
 13839 | Gauntlet | Found a transporter.
 13847 | Gauntlet | Noticed a death yak
 13847 | Gauntlet | Noticed a necromancer
 13849 | Gauntlet | Noticed a death yak
 13851 | Gauntlet | Noticed a death yak
 13853 | Gauntlet | Noticed a death yak
 13853 | Gauntlet | Noticed a death yak
 13855 | Gauntlet | Found a transporter.
 13855 | Gauntlet | Noticed a death yak
 13868 | Gauntlet | Found a transporter.
 13886 | Gauntlet | Noticed a catoblepas
 13893 | Gauntlet | Noticed a death yak
 13945 | Gauntlet | Noticed a tengu warrior
 13950 | Gauntlet | Found a transporter.
 13963 | Gauntlet | Found a transporter.
 13967 | Gauntlet | Noticed a glowing orange brain
 13968 | Gauntlet | Noticed a brown ugly thing
 13972 | Gauntlet | Noticed a glowing orange brain
 13977 | Gauntlet | Found a transporter.
 13990 | Gauntlet | Found a transporter.
 13997 | Gauntlet | Noticed a purple ugly thing
 14004 | Gauntlet | Noticed a great orb of eyes
 14073 | Gauntlet | Found a transporter.
 14077 | Gauntlet | Noticed a necromancer
 14082 | Gauntlet | Noticed a death yak
 14082 | Gauntlet | Noticed a death yak
 14083 | Gauntlet | Found a transporter.
 14085 | Gauntlet | Found a transporter.
 14085 | Gauntlet | Found a transporter.
 14085 | Gauntlet | Noticed a death yak
 14085 | Gauntlet | Noticed a death yak
 14086 | Gauntlet | Noticed a death yak
 14095 | Gauntlet | Found a transporter.
 14095 | Gauntlet | Found a transporter.
 14151 | Gauntlet | Killed a tengu warrior
 14250 | Gauntlet | Reached **** piety under Sif Muna
 14254 | Gauntlet | Identified the Catalogue of Quantum Evil Secrets
 14258 | Gauntlet | Got a scintillating lapis lazuli ring
 14262 | Gauntlet | Identified the ring "Gedyette" {Wiz rPois rF+++ rC- Int+7}
                  | (You found it in a Gauntlet)
 14539 | Gauntlet | Killed a great orb of eyes
 14545 | Gauntlet | Killed a purple ugly thing
 14707 | Gauntlet | Noticed a minotaur
 14736 | Gauntlet | Killed a minotaur
 14736 | Gauntlet | Reached XP level 12. HP: 39/89 MP: 6/24
 14950 | Gauntlet | Identified Hyuntoin's Almanac of Greatest Risks and Utility
 14950 | Gauntlet | Identified the Volume of Quantum Dark Arts
 14950 | Gauntlet | Identified the Catalogue of Earthen Transmigration
 15517 | D:12     | Noticed a centaur warrior
 15526 | D:12     | Killed a centaur warrior
 15975 | D:12     | Slain by an enormous slime creature

Illustrated notes

Levels and vault maps discovered:
D:1:      dpeg_arrival_round_c, layout_loops_ring
D:2:      layout_rooms, uniq_terence
D:3:      layout_basic, tso_oasis_becter, okawaru_metal_pillars_3
D:4:      layout_loops_ring
D:5:      layout_basic, minmay_temple_entry_gardened_gates
D:6:      layout_cave_pools, lightli_temple_of_fire, uniq_prince_ribbit1,
          uniq_sigmund
D:7:      layout_cave_pools, grunt_qazlal_clouds, uniq_crazy_yiuf_cottage,
          uniq_harold
D:8:      layout_basic, nicolae_gozag_seed_capital, nicolae_ru_path_of_blood,
          david_lair_generic, gammafunk_ghost_smash, serial_glass,
          glass_columns_b, glass_columns_a, minmay_strange_pillars,
          feat_on_display
D:9:      layout_roguey, serial_shops, shop, uniq_maurice
D:10:     layout_irregular_city
D:11:     layout_basic, serial_shops, shop
D:12:     layout_basic, orc_0_dummy, gauntlet_entry_generic,
          minmay_gold_behind_fungi, patterned_corridor
Temple:   minmay_temple_bridge_d

Skill      XL: |  1  2  3  4  5  6  7  8  9 10 11 12 |
---------------+-------------------------------------+-----
Spellcasting   | 5 6 7 8 |  8.9
Invocations    | 1 2 3 4 5 6 7 8 |  8.0
Fighting       | 1 2 3 4 5 6 7 |  7.3
Short Blades   | 1 2 3 4 5 6 7 |  7.3
Long Blades    | 1 2 3 4 5 6 7 |  7.3
Axes           | 1 2 3 4 5 6 7 |  7.3
Maces & Flails | 1 2 3 4 5 6 7 |  7.3
Polearms       | 1 2 3 4 5 6 7 |  7.3
Staves         | 1 2 3 4 5 6 7 |  7.7
Slings         | 1 2 3 4 5 6 7 |  7.3
Bows           | 1 2 3 4 5 6 7 |  7.3
Crossbows      | 1 2 3 4 5 6 7 |  7.3
Throwing       | 1 2 3 4 5 6 7 |  7.3
Armour         | 1 2 3 4 5 6 7 |  7.3
Shields        | 1 2 3 4 5 6 7 |  7.3
Unarmed Combat | 1 2 3 4 5 6 7 |  7.3
Evocations     | 1 2 3 4 5 6 7 |  7.3
Hexes          | 1 2 3 4 5 6 |  6.0
Summonings     | 1 2 3 4 5 6 |  6.0
Necromancy     | 1 2 3 4 5 6 |  6.0
Translocations | 1 2 3 4 5 6 |  6.0
Transmutations | 1 2 3 4 5 6 |  6.0
Fire Magic     | 1 2 3 4 5 6 |  6.0
Ice Magic      | 1 2 3 4 5 6 |  6.0
Air Magic      | 1 2 3 4 5 6 |  6.0
Earth Magic    | 1 2 3 4 5 6 |  6.0
Poison Magic   | 1 2 3 4 5 6 |  6.0
Dodging        | 5 6 7 8 |  8.7
Stealth        | 5 6 7 8 |  8.5
Conjurations   | 8 9 |  9.4

Action                   |  1- 3 |  4- 6 |  7- 9 | 10-12 || total
-------------------------+-------+-------+-------+-------++-------
Melee: Short sword       |       |     6 |       |       ||     6
       Bite              |       |     1 |     3 |    14 ||    18
       Halberd           |       |    24 |    25 |    70 ||   119
 Cast: Magic Dart        |    26 |    24 |     1 |     2 ||    53
       Searing Ray       |     6 |    28 |    26 |    49 ||   109
       Fulminant Prism   |       |       |    67 |   146 ||   213
       Iskenderun's Myst |       |       |     5 |     5 ||    10
Invok: Channel Magic     |       |       |     2 |     1 ||     3
Evoke: Wand              |       |       |       |     3 ||     3
  Use: Scroll            |       |       |       |    15 ||    15
       Potion            |       |       |       |     2 ||     2
 Stab: Sleeping          |       |     2 |     3 |     2 ||     7
Armor: Robe              |     1 |     3 |     2 |    36 ||    42
Dodge: Dodged            |     8 |    27 |    51 |   101 ||   187
Block: Other             |       |     7 |    17 |     3 ||    27
       Reflection        |       |       |       |     1 ||     1

Table legend: (Time is in decaauts)
 A = Elapsed time spent in this place.
 B = Non-inter-level travel time spent in this place.
 C = Inter-level travel time spent in this place.
 D = Time resting spent in this place.
 E = Time spent auto-exploring this place.
 F = Levels seen in this place.
 G = Mean time per level.
                   A        B        C        D        E       F      G
               +--------+--------+--------+--------+--------+-----+--------+
         Total |  16018 |  15185 |    833 |   3821 |   8975 |  14 | 1144.1 |
       Dungeon |  14713 |  13972 |    741 |   3213 |   8591 |  12 | 1226.1 |
        Temple |    165 |     73 |     92 |      0 |     72 |   1 |  165.0 |
      Gauntlet |   1138 |   1138 |      0 |    608 |    312 |   1 | 1138.0 |
               +--------+--------+--------+--------+--------+-----+--------+

Top non-repeatable levels by time:
     D:5: 1705 daAuts
     D:9: 1540 daAuts
     D:7: 1520 daAuts
     D:8: 1451 daAuts
     D:6: 1445 daAuts
    D:11: 1409 daAuts
     D:4: 1200 daAuts
Gauntlet: 1138 daAuts
    D:12: 1036 daAuts
     D:3: 991 daAuts
     D:1: 881 daAuts
    D:10: 801 daAuts
     D:2: 729 daAuts
  Temple: 165 daAuts
